 Dungeon Crawl Stone Soup version 0.28.0-1-gb440e238dd (webtiles) character file.

Game seed: 3780161908493211802

158 JuozasPetrasionis the Chopper (level 5, 0/47 HPs)
             Began as a Hill Orc Fighter on Feb 20, 2022.
             Slain by Crazy Yiuf (10 damage)
             ... on level 3 of the Dungeon.
             The game lasted 00:20:54 (2568 turns).

JuozasPetrasionis the Chopper (Hill Orc Fighter)    Turns: 2568, Time: 00:20:55

Health: 0/47       AC:  8    Str: 27    XL:     5   Next: 39%
Magic:  5/5        EV:  9    Int:  8    God:
Gold:   41         SH:  4    Dex: 10    Spells: 4/4 levels left

rFire   . . .      SeeInvis .   a - +0 war axe
rCold   . . .      Faith    .   c - +0 buckler
rNeg    . . .      Spirit   .   b - +0 scale mail
rPois   .          Reflect  .   (no helmet)
rElec   .          Harm     .   (no cloak)
rCorr   .          Rampage  .   g - +0 pair of gloves
Will    .....                   (no boots)
Stlth   ..........              (no amulet)
HPRegen 0.15/turn               d - +6 ring of strength
MPRegen 0.09/turn               (no ring)

@: brilliant, attractive
A: no striking features
a: no special abilities


You were on level 3 of the Dungeon.
You visited 1 branch of the dungeon, and saw 4 of its levels.

You collected 41 gold pieces.

Inventory:

Hand Weapons
 a - a +0 war axe (weapon)
Armour
 b - a +0 scale mail (worn)
 c - a +0 buckler (worn)
 g - a +0 pair of gloves (worn)
Jewellery
 d - a +6 ring of strength (left hand)
Scrolls
 h - 4 scrolls of fog
 j - a scroll of teleportation {unknown}
 l - a scroll of summoning {unknown}
 n - 2 scrolls of noise
 o - a scroll of identify {unknown}
 p - a scroll of immolation {unknown}
 r - a scroll of enchant armour {unknown}
Potions
 m - a potion of heal wounds {unknown}
 q - a potion of resistance {unknown}


   Skills:
 + Level 4.5 Fighting
 * Level 4.8 Axes
 + Level 4.2 Armour
 + Level 4.1 Shields


You had 4 spell levels left.
You didn't know any spells.
Your spell library was empty.

Dungeon Overview and Level Annotations

Branches:
Dungeon (4/15)
 Temple: D:4-7

Altars:

Annotations:
D:3 Crazy Yiuf


Message History

You now have 29 gold pieces (gained 15).
d - a +6 ring of strength Nothing quivered!
You feel stronger.
d - a +6 ring of strength (left hand)
A ball python comes into view.
The ball python hisses angrily.
The ball python bites you. The ball python grabs you.
The ball python constricts you.
You slash the ball python!
You kill the ball python!
Found 12 gold pieces.
You now have 41 gold pieces (gained 12).
Found a mace.
Found a runed translucent door.
Crazy Yiuf shouts!
Okay, then.
As you open the door, it creaks loudly!
You hit Crazy Yiuf.
Crazy Yiuf is lightly wounded.
Crazy Yiuf yells, "Papa infinity fast!"
Crazy Yiuf hits you with a +2 quarterstaff of chaos!
Crazy Yiuf freezes you.
You barely miss Crazy Yiuf.
Crazy Yiuf is lightly wounded.
Crazy Yiuf hits you with a +2 quarterstaff of chaos.
You are poisoned.
You feel very sick.
It was a potion of brilliance.
You feel clever all of a sudden.
You feel very sick.
Crazy Yiuf hits you with a +2 quarterstaff of chaos!
* * * LOW HITPOINT WARNING * * *
Space warps horribly around you!
* * * LOW HITPOINT WARNING * * *
It was a potion of curing.
You feel better. Crazy Yiuf completely misses you.
It was a potion of attraction.
You feel attractive to monsters.
Crazy Yiuf cries, "Goober!"
Crazy Yiuf hits you with a +2 quarterstaff of chaos!
You die...

######## #####
#......# #..)#
#### #.##...#
#...# ....
#.##.### ...
#### #.##.# #'#
#.##.# ♣♣g♣
#.##.# ♣@♣♣
#.##.# ♣♣.♣ ##
#.##.# ♣.♣♣
#..######.
#.##.# ♣♣.♣♣
........†.
#.##.# ♣...♣♣
.#####<#.
#.##.# ♣....♣
#... #.##.#
#....# #.##
#.##.#####....#
#.#
#.##......#...#
#.#


You could see Crazy Yiuf.

Vanquished Creatures
  A scorpion (D:4)
  3 adders
  2 dart slugs
  8 bats
  3 endoplasms
  9 goblins
  11 hobgoblins
  7 jackals (D:1)
  4 ball pythons
  A frilled lizard (D:1)
  4 kobolds
  6 rats
59 creatures vanquished.

Vanquished Creatures (others)
  5 fungi (D:1)
  4 plants (D:1)
9 creatures vanquished.

Grand Total: 68 creatures vanquished

Notes
Turn   | Place    | Note
-------+----------+-------------------------------------------
     0 | D:1      | JuozasPetrasionis the Hill Orc Fighter began the quest for
                  | the Orb.
     0 | D:1      | Reached XP level 1. HP: 19/19 MP: 1/1
   295 | D:1      | Reached XP level 2. HP: 27/27 MP: 2/2
   474 | D:1      | Reached XP level 3. HP: 28/33 MP: 3/3
   666 | D:1      | Found a faded altar of an unknown god.
  1322 | D:2      | Reached XP level 4. HP: 39/40 MP: 4/4
  2169 | D:4      | Noticed a scorpion
  2184 | D:4      | Killed a scorpion
  2185 | D:4      | Reached XP level 5. HP: 16/47 MP: 5/5
  2558 | D:3      | Found a runed translucent door.
  2559 | D:3      | Noticed Crazy Yiuf
  2566 | D:3      | HP: 1/47 [Crazy Yiuf (8)]
  2568 | D:3      | Slain by Crazy Yiuf

Illustrated notes

Levels and vault maps discovered:
D:1:      lemuel_arrival_funnel, layout_basic, serial_glass, glass_columns_a,
          glass_columns_a, shapermc_ecumenical_altar_ellora
D:2:      layout_basic
D:3:      layout_loops_ring, uniq_crazy_yiuf_cottage
D:4:      minmay_opposing_rooms, layout_basic, grunt_ministairs_10

Skill      XL: |  1  2  3  4 |
---------------+-------------+-----
Axes           | 3 4 |  4.8
Fighting       | 4 |  4.5
Armour         | 4 |  4.2
Shields        | 4 |  4.1

Action                   |  1- 3 |  4- 6 || total
-------------------------+-------+-------++-------
Melee: War axe           |   112 |    53 ||   165
  Use: Scroll            |     1 |     2 ||     3
       Potion            |       |     4 ||     4
Armor: Scale mail        |    57 |    17 ||    74
Dodge: Dodged            |    51 |    25 ||    76
Block: Buckler           |    26 |    10 ||    36
